cohdb
Replays
Latest Replays
All Replays
Popular Replays
Top Player Replays
Match Explorer
How It Works
Community
CoH3 Stats
Reddit
Sign in to upload your games and track your stats! →
Sign in with Steam
Match 40403607
Unlisted
Match 40403607
Overview
Messages
Build Orders
End
Pioneer Squad
Construct Infanterie Kompanie
Grenadier Squad
Grenadier Squad
Grenadier Squad
MG 42 Machine Gun Team
Infanterie Officer Quarters
Selects Mechanized Battlegroup
GrW 34 Mortar Team
Construct Luftwaffe Kompanie
Flak 30 Anti-aircraft Gun Team
Flak 30 Anti-aircraft Gun Team
Selects Raid Package
Luftwaffe Officer Quarters
Selects 8 Rad Armored Car
8 Rad Armored Car
Flak 30 Anti-aircraft Gun Team
Selects Spotting Scopes
Flak 30 Anti-aircraft Gun Team
Construct Panzer Kompanie
^3
Abzar
0
0
Comments
sign in to comment!
No comments posted yet!